[Event "Test Tournament"]
[Site "Emanuel Lasker Arena"]
[Date "2024.04.09"]
[Round "2"]
[White "Zimtowitch"]
[Black "CheckMaid"]
[Result "1-0"]
[WhiteElo "1896"]
[BlackElo "1645"]
[Annotator "NA RC"]
[PlyCount "29"]
[EventDate "2024.04.09"]
[EventType "swiss (blitz)"]
[TimeControl "60"]

1. c4 Nf6 2. Nc3 e5 3. Nf3 Nc6 4. g3 Bc5 5. Nxe5 Nxe5 6. d4 h5 7. Bg2 Bd6 8. c5 Nc4 9. b3 g5 10. Bxg5 Nb2 11. Qc2 Rg8 12. Qf5 Be7 13. O-O Ng4 14. Bd5 Bxg5 15. Qxf7# {[%emt 0:00:02] (Lag: Av=0.09s, max=0.6s)} 1-0

[Event "Test Tournament"]
[Site "Emanuel Lasker Arena"]
[Date "2024.04.09"]
[Round "2"]
[White "Zimtowitch"]
[Black "Mrs Florrick"]
[Result "1-0"]
[WhiteElo "1896"]
[BlackElo "1780"]
[Annotator "NA RC"]
[PlyCount "45"]
[EventDate "2024.04.09"]
[EventType "swiss (blitz)"]
[TimeControl "60"]

1. d4 Nf6 2. c4 e6 3. Nf3 d5 4. Nc3 Bb4 5. Bg5 dxc4 6. e4 c5 7. e5 h6 8. exf6 hxg5 9. fxg7 Rg8 10. Qc2 cxd4 11. Qh7 Kd7 12. Nxd4 g4 13. O-O-O Qg5+ 14. Kc2 Bd6 15. Qxg8 Qg6+ 16. Kd2 a6 17. Bxc4 b5 18. Bxe6+ fxe6 19. Qxe6+ Qxe6 20. Nxe6 Kc6 21. g8=Q Bxe6 22. Qxe6 g3 23. fxg3 {[%emt 0:00:03] Mrs Florrick resigns (Lag: Av=0.06s, max=0.3s)} 1-0

[Event "Test Tournament"]
[Site "Emanuel Lasker Arena"]
[Date "2024.04.09"]
[Round "2"]
[White "Hollis"]
[Black "Kalinda"]
[Result "1-0"]
[WhiteElo "1881"]
[BlackElo "2102"]
[Annotator "RC"]
[PlyCount "85"]
[EventDate "2024.04.09"]
[EventType "swiss (blitz)"]
[TimeControl "60"]

1. d4 Nf6 2. c4 c5 3. d5 b5 4. cxb5 a6 5. bxa6 g6 6. Nc3 Bxa6 7. g3 d6 8. Bg2 Qa5 9. Nf3 Ne4 10. Rb1 Nxc3 11. bxc3 Qxc3+ 12. Bd2 Qa3 13. Qc2 Nd7 14. Rb3 Bb5 15. Rxa3 Rxa3 16. Qb2 Bc4 17. Qxa3 Bxd5 18. O-O Bg7 19. Qa7 Bxf3 20. Bxf3 O-O 21. Qxd7 c4 22. Qxe7 c3 23. Bxc3 Bxc3 24. Qxd6 Rd8 25. Qxd8+ Kg7 26. a4 Kh6 27. Rc1 Be5 28. h4 Bb2 29. Qd2+ Kg7 30. Qxb2+ Kh6 31. Qg7+ Kxg7 32. Be4 g5 33. hxg5 h5 34. Rc7 Kf8 35. a5 Kg8 36. a6 Kg7 37. a7 Kh8 38. a8=Q+ Kg7 39. Qa1+ Kf8 40. Qd4 f6 41. Qxf6+ Kg8 42. f4 h4 43. Bd5# {[%emt 0:00:01] (Lag: Av=0.06s, max=0.3s)} 1-0

[Event "Test Tournament"]
[Site "Emanuel Lasker Arena"]
[Date "2024.04.09"]
[Round "2"]
[White "LiliBeth"]
[Black "Girlfriend Chess"]
[Result "1-0"]
[WhiteElo "1853"]
[BlackElo "1752"]
[Annotator "NA RC"]
[PlyCount "59"]
[EventDate "2024.04.09"]
[EventType "swiss (blitz)"]
[TimeControl "60"]

1. e4 Nf6 2. e5 Nd5 3. d4 d6 4. Nf3 dxe5 5. Nxe5 c6 6. Be2 Bf5 7. g4 Be6 8. c4 Qa5+ 9. Bd2 Nb4 10. a3 N8a6 11. O-O O-O-O 12. f4 f6 13. Nc3 fxe5 14. axb4 Qxb4 15. Nd5 Qxb2 16. Bc3 Bxg4 17. Bxg4+ e6 18. Bxe6+ Kb8 19. Bxb2 cxd5 20. fxe5 Nc7 21. Qg4 Nxe6 22. cxd5 Rxd5 23. Qxe6 Rd8 24. Rf7 Bb4 25. Rxg7 a5 26. h4 h5 27. Qb6 Be7 28. Rxe7 Rdg8+ 29. Kh2 Rg1 30. Qxb7# {[%emt 0:00:01] (Lag: Av=0.09s, max=0.6s)} 1-0

[Event "Test Tournament"]
[Site "Emanuel Lasker Arena"]
[Date "2024.04.09"]
[Round "2"]
[White "Botwinzig"]
[Black "Toby Ziegler"]
[Result "0-1"]
[WhiteElo "1810"]
[BlackElo "2064"]
[Annotator "RC"]
[PlyCount "42"]
[EventDate "2024.04.09"]
[EventType "swiss (blitz)"]
[TimeControl "60"]

1. d4 Nf6 2. c4 e6 3. Nc3 Bb4 4. Qc2 O-O 5. a3 Bxc3+ 6. Qxc3 d6 7. f3 c5 8. dxc5 dxc5 9. Bf4 Nc6 10. Rd1 Qb6 11. e4 e5 12. Bxe5 Nxe5 13. Qxe5 Qb3 14. h4 h5 15. Bd3 Re8 16. Bc2 Qe3+ 17. Ne2 Rxe5 18. Rd3 Qh6 19. O-O Bh3 20. gxh3 b5 21. cxb5 c4 {[%emt 0:00:02] Time (Lag: Av=0.05s, max=0.1s) .} 0-1

[Event "Test Tournament"]
[Site "Emanuel Lasker Arena"]
[Date "2024.04.09"]
[Round "2"]
[White "Lord Grantham"]
[Black "PinPointPro"]
[Result "1-0"]
[WhiteElo "1766"]
[BlackElo "1984"]
[Annotator "RC"]
[PlyCount "47"]
[EventDate "2024.04.09"]
[EventType "swiss (blitz)"]
[TimeControl "60"]

1. d4 Nf6 2. c4 e6 3. Nf3 d5 4. g3 Bb4+ 5. Bd2 Be7 6. Bg2 c6 7. Qc2 O-O 8. O-O Nbd7 9. Rd1 b6 10. b3 Ba6 11. Bf4 Rc8 12. Nbd2 Nh5 13. e3 c5 14. Qb1 dxc4 15. Nxc4 Nxf4 16. exf4 Bb7 17. Ng5 Nf6 18. Bxb7 cxd4 19. Bxc8 Qxc8 20. Rxd4 b5 21. Ne5 Bc5 22. Nd7 Kh8 23. Nxf6 Bxd4 24. Qxh7# {[%emt 0:00:02] (Lag: Av=0.05s, max=0.2s)} 1-0

[Event "Test Tournament"]
[Site "Emanuel Lasker Arena"]
[Date "2024.04.09"]
[Round "2"]
[White "Girlfriend Chess"]
[Black "Mrs Florrick"]
[Result "1/2-1/2"]
[WhiteElo "1753"]
[BlackElo "1780"]
[Annotator "NA RC"]
[PlyCount "102"]
[EventDate "2024.04.09"]
[EventType "swiss (blitz)"]
[TimeControl "60"]

1. c4 e5 2. Nc3 Nf6 3. Nf3 Nc6 4. g3 Bb4 5. Bg2 O-O 6. O-O Re8 7. d3 Nd4 8. Bd2 c6 9. Nxd4 exd4 10. Ne4 a5 11. Rc1 h5 12. Bg5 a4 13. c5 d5 14. Bxf6 gxf6 15. Nd6 Re5 16. f4 a3 17. fxe5 axb2 18. Rxf6 bxc1=N 19. Qxc1 Be6 20. Qh6 Bxc5 21. Nxb7 Qb6 22. Qg5+ Kf8 23. Nxc5 Qxc5 24. Rh6 Ke8 25. Rh8+ Qf8 26. Rxf8+ Kxf8 27. Qxh5 Rxa2 28. h4 Ke8 29. Qh7 Kd7 30. Bf3 c5 31. h5 c4 32. dxc4 dxc4 33. Qd3 cxd3 34. exd3 Bf5 35. Bc6+ Kxc6 36. h6 Bxd3 37. e6 fxe6 38. h7 Bxh7 39. Kf1 Bd3+ 40. Ke1 e5 41. Kd1 Rg2 42. g4 Rxg4 43. Kd2 Rg3 44. Ke1 Rg2 45. Kd1 e4 46. Ke1 e3 47. Kd1 Rb2 48. Kc1 Ra2 49. Kd1 Rb2 50. Ke1 Ra2 51. Kd1 Rb2 {[%emt 0:00:00] (Lag: Av=0.06s, max=0.6s)} 1/2-1/2

[Event "Test Tournament"]
[Site "Emanuel Lasker Arena"]
[Date "2024.04.09"]
[Round "2"]
[White "Girlfriend Chess"]
[Black "LiliBeth"]
[Result "1-0"]
[WhiteElo "1752"]
[BlackElo "1853"]
[Annotator "NA RC"]
[PlyCount "95"]
[EventDate "2024.04.09"]
[EventType "swiss (blitz)"]
[TimeControl "60"]

1. d4 d5 2. c4 e6 3. Nc3 c5 4. cxd5 exd5 5. Nf3 Nc6 6. dxc5 d4 7. Na4 Bxc5 8. Nxc5 Qa5+ 9. Bd2 Qxc5 10. Rc1 Qd5 11. Qa4 Nf6 12. g3 d3 13. Bg2 O-O 14. O-O dxe2 15. Rfe1 Re8 16. Nd4 Qxd4 17. Bxc6 Qxd2 18. Bxe8 Be6 19. Bb5 Qxb2 20. Bxe2 Qxa2 21. Qxa2 Bxa2 22. Rc7 Be6 23. Rxb7 a5 24. Bb5 h5 25. h4 g6 26. Re5 a4 27. Bd3 Rd8 28. Bxg6 Rd1+ 29. Kg2 a3 30. Bxh5 Nxh5 31. Rxh5 Bd5+ 32. Rxd5 Rxd5 33. Ra7 Kh7 34. Rxa3 Kh6 35. Ra7 Kg6 36. Kf1 f6 37. f3 Rd4 38. Rb7 Kh5 39. Ra7 Rd5 40. Rc7 Rd1+ 41. Ke2 Rd6 42. f4 Rd5 43. Rb7 Rd4 44. Ra7 Rc4 45. Kd2 Rc8 46. Rb7 Rh8 47. Kd1 Kg4 {[%emt 0:00:01] '} 48. Rh7 {[%emt 0:00:01] (Lag: Av=0.06s, max=0.3s)} 1-0

[Event "Test Tournament"]
[Site "Emanuel Lasker Arena"]
[Date "2024.04.09"]
[Round "2"]
[White "Dominatrix"]
[Black "Klaus Junge"]
[Result "0-1"]
[WhiteElo "1733"]
[BlackElo "1620"]
[Annotator "NA RC"]
[PlyCount "84"]
[EventDate "2024.04.09"]
[EventType "swiss (blitz)"]
[TimeControl "60"]

1. e4 e5 2. Nf3 Nc6 3. Bb5 a6 4. Ba4 Nf6 5. O-O Nxe4 6. Re1 Nc5 7. Bxc6 dxc6 8. d4 Ne6 9. Rxe5 Bd6 10. Re4 h6 11. c4 O-O 12. h4 f5 13. c5 fxe4 14. cxd6 exf3 15. Nc3 Qxh4 16. g3 Qh3 17. Qf1 Qxf1+ 18. Kxf1 Nxd4 19. dxc7 Bh3+ 20. Kg1 Ne2+ 21. Kh1 Rac8 22. Kh2 b5 23. Kxh3 Rxc7 24. Ne4 g5 25. b4 Re7 26. Bb2 g4+ 27. Kxg4 Rxe4+ 28. Kh5 Rf5+ 29. Kg6 Rg5+ 30. Kxh6 Rd5 31. Kg6 Rg4+ 32. Kh6 Nxg3 33. fxg3 Rd2 34. Bf6 Rh2+ 35. Bh4 Rxg3 36. Rd1 Rxa2 37. Bxg3 Rg2 38. Be5 Kf7 39. Rd6 Re2 40. Bd4 Ke7 41. Rxc6 Rh2+ 42. Kg6 {[%emt 0:00:00] .} f2 0-1

[Event "Test Tournament"]
[Site "Emanuel Lasker Arena"]
[Date "2024.04.09"]
[Round "2"]
[White "Dominatrix"]
[Black "Brutus"]
[Result "0-1"]
[WhiteElo "1733"]
[BlackElo "2041"]
[Annotator "RC"]
[PlyCount "50"]
[EventDate "2024.04.09"]
[EventType "swiss (blitz)"]
[TimeControl "60"]

1. e4 Nf6 2. e5 Nd5 3. d4 d6 4. c4 Nb6 5. f4 dxe5 6. fxe5 Bf5 7. Nc3 Nc6 8. g4 Bg6 9. Nf3 Nb4 10. c5 Nc2+ 11. Kf2 Nxa1 12. cxb6 axb6 13. Bg5 Nc2 14. e6 fxe6 15. h4 h6 16. Bc4 hxg5 17. Bxe6 gxh4 18. Nb5 Be4 19. Ne5 Qb8 20. Nd7 Qd8 21. Rf1 Rxa2 22. Ne5 Qb8 23. Bxa2 c6 24. Nd7 Qf4+ 25. Ke2 Qe3# {[%emt 0:00:01] (Lag: Av=0.06s, max=0.2s)} 0-1

[Event "Test Tournament"]
[Site "Emanuel Lasker Arena"]
[Date "2024.04.09"]
[Round "2"]
[White "Dominatrix"]
[Black "Roberta Draper"]
[Result "0-1"]
[WhiteElo "1733"]
[BlackElo "1620"]
[Annotator "NA RC"]
[PlyCount "28"]
[EventDate "2024.04.09"]
[EventType "swiss (blitz)"]
[TimeControl "60"]

1. e4 c5 2. Nf3 d6 3. d4 cxd4 4. Nxd4 Nf6 5. Nc3 a6 6. Bg5 e6 7. Qf3 Nbd7 8. O-O-O Qc7 9. h4 b5 10. a4 b4 11. Bb5 bxc3 12. e5 Bb7 13. Bc6 Qb6 14. exf6 Qxb2# {[%emt 0:00:03] (Lag: Av=0.08s, max=0.5s)} 0-1

[Event "Test Tournament"]
[Site "Emanuel Lasker Arena"]
[Date "2024.04.09"]
[Round "2"]
[White "Patemkin"]
[Black "Botwinzig"]
[Result "1-0"]
[WhiteElo "1680"]
[BlackElo "1810"]
[Annotator "NA RC"]
[PlyCount "41"]
[EventDate "2024.04.09"]
[EventType "swiss (blitz)"]
[TimeControl "60"]

1. d4 Nf6 2. c4 e6 3. g3 d5 4. Bg2 Be7 5. Nf3 O-O 6. O-O dxc4 7. Qc2 a6 8. Rd1 b5 9. Ne5 c6 10. Nc3 Nd5 11. b3 Nd7 12. Nxc6 cxb3 13. Qxb3 Nxc3 14. Nxd8 Nxe2+ 15. Kf1 Nxc1 16. Rdxc1 Rxd8 17. Bxa8 g6 18. d5 Nb6 19. Rc7 Nxd5 20. Bxd5 exd5 21. Rxe7 {[%emt 0:00:02] Botwinzig resigns (Lag: Av=0.06s, max=0.4s)} 1-0

[Event "Test Tournament"]
[Site "Emanuel Lasker Arena"]
[Date "2024.04.09"]
[Round "2"]
[White "CheckMaid"]
[Black "Triskaidekaphobe"]
[Result "0-1"]
[WhiteElo "1650"]
[BlackElo "1620"]
[Annotator "NA RC"]
[PlyCount "56"]
[EventDate "2024.04.09"]
[EventType "swiss (blitz)"]
[TimeControl "60"]

1. e4 c5 2. Nf3 d6 3. d4 cxd4 4. Nxd4 Nf6 5. Nc3 g6 6. Be3 Bg7 7. f3 O-O 8. Bc4 Nc6 9. h3 Qb6 10. Bb3 Nxe4 11. Nd5 Qa5+ 12. c3 Ng3 13. Rh2 Re8 14. Qd3 Bd7 15. h4 Ne5 16. Qc2 Rac8 17. h5 Rc4 18. Bxc4 Nxc4 19. Bf4 e5 20. Bxg3 exd4+ 21. Kf2 Qxd5 22. Re1 d3 23. Rxe8+ Bxe8 24. Qc1 d2 25. Qc2 d1=Q 26. Qxd1 Qxd1 27. b3 Bxc3 28. bxc4 Qe1# {[%emt 0:00:01] (Lag: Av=0.06s, max=0.5s)} 0-1

[Event "Test Tournament"]
[Site "Emanuel Lasker Arena"]
[Date "2024.04.09"]
[Round "2"]
[White "CheckMaid"]
[Black "Toby Ziegler"]
[Result "0-1"]
[WhiteElo "1645"]
[BlackElo "2064"]
[Annotator "RC"]
[PlyCount "88"]
[EventDate "2024.04.09"]
[EventType "swiss (blitz)"]
[TimeControl "60"]

1. e4 e5 2. Nf3 Nc6 3. Bb5 a6 4. Ba4 Nf6 5. O-O Be7 6. Re1 b5 7. Bb3 O-O 8. c3 d6 9. d4 Bg4 10. Be3 exd4 11. cxd4 Na5 12. Bc2 Nc4 13. Bc1 c5 14. b3 Na5 15. Nbd2 cxd4 16. h3 Bh5 17. g4 Nxg4 18. hxg4 Bxg4 19. e5 dxe5 20. Rxe5 d3 21. Re6 dxc2 22. Qxc2 Rc8 23. Qc7 Qxc7 24. Rxa6 Bxf3 25. Nxf3 Rfd8 26. Bg5 Qc3 27. Bxe7 Nc6 28. Bxd8 Ne5 29. Ng5 Qxa1+ 30. Kh2 b4 31. Be7 Qd4 32. Kg3 h5 33. Rd6 h4+ 34. Kg2 Qf4 35. a4 bxa3 36. b4 a2 37. Rd1 Qg4+ 38. Kh2 Qxd1 39. Ne4 Nf3+ 40. Kg2 Ne1+ 41. Kh3 a1=Q 42. Kxh4 Qe5 43. Ng3 Qd7 44. Nh5 Ng2# {[%emt 0:00:01] (Lag: Av=0.07s, max=0.8s)} 0-1

[Event "Test Tournament"]
[Site "Emanuel Lasker Arena"]
[Date "2024.04.09"]
[Round "2"]
[White "CheckMaid"]
[Black "Sunset"]
[Result "0-1"]
[WhiteElo "1645"]
[BlackElo "1878"]
[Annotator "NA RC"]
[PlyCount "68"]
[EventDate "2024.04.09"]
[EventType "swiss (blitz)"]
[TimeControl "60"]

1. e4 e5 2. Nf3 Nc6 3. Bb5 a6 4. Ba4 Nf6 5. O-O b5 6. Bb3 Nxe4 7. Bd5 Ng5 8. h4 Ne6 9. h5 Nf4 10. d4 Nxd5 11. dxe5 Ncb4 12. a3 Bc5 13. axb4 Nxb4 14. Bg5 Be7 15. Qd4 Nxc2 16. Qd5 Bxg5 17. Qxa8 O-O 18. Rxa6 Bxa6 19. Qxa6 c6 20. g4 h6 21. Nc3 b4 22. Ne4 Bf4 23. Nd6 b3 24. Qc4 Be3 25. fxe3 Nxe3 26. Qxb3 Nxf1 27. Kxf1 Qa5 28. Nf5 Kh8 29. g5 Qa1+ 30. Kf2 Qb1 31. Ne7 Qc1 32. Qb6 Re8 33. b4 hxg5 34. Qc7 {[%emt 0:00:01] .} Qd1 0-1

[Event "Test Tournament"]
[Site "Emanuel Lasker Arena"]
[Date "2024.04.09"]
[Round "2"]
[White "Bauernklopper"]
[Black "Stratospheric"]
[Result "1/2-1/2"]
[WhiteElo "1620"]
[BlackElo "1620"]
[Annotator "NA RC"]
[PlyCount "110"]
[EventDate "2024.04.09"]
[EventType "swiss (blitz)"]
[TimeControl "60"]

1. d4 d5 2. c4 dxc4 3. Nf3 Nf6 4. e3 e6 5. Bxc4 c5 6. O-O a6 7. a4 Nc6 8. Qe2 Qc7 9. Rd1 Bd6 10. Nc3 O-O 11. h3 b6 12. d5 exd5 13. Nxd5 Nxd5 14. Bxd5 Bb7 15. b4 cxb4 16. Rb1 Na5 17. e4 Bxd5 18. Rxd5 Qc4 19. Qxc4 Nxc4 20. Nd2 Nxd2 21. Bxd2 Bc7 22. Bxb4 Rfd8 23. Rd2 Rxd2 24. Bxd2 Re8 25. f3 f6 26. Kf2 Bd6 27. a5 b5 28. Bb4 Bf8 29. Bxf8 Kxf8 30. Rc1 b4 31. Rc6 Ra8 32. Rb6 Rd8 33. Rxa6 Rb8 34. Rb6 Rxb6 35. axb6 b3 36. b7 b2 37. b8=R+ Kf7 38. Rxb2 f5 39. e5 h6 40. Kg3 Ke6 41. Re2 g5 42. h4 f4+ 43. Kg4 gxh4 44. Kxf4 h3 45. gxh3 h5 46. Re1 h4 47. Kg4 Kf7 48. Kxh4 Ke6 49. f4 Kf5 50. e6 Kxf4 51. e7 Kf5 52. e8=Q Kf6 53. Qd8+ Kg7 54. Re3 Kf7 55. Qf6+ {[%emt 0:00:01] .} Kxf6 1/2-1/2

[Event "Test Tournament"]
[Site "Emanuel Lasker Arena"]
[Date "2024.04.09"]
[Round "2"]
[White "Bauernklopper"]
[Black "Sauerbruch"]
[Result "1-0"]
[WhiteElo "1620"]
[BlackElo "1620"]
[Annotator "NA RC"]
[PlyCount "39"]
[EventDate "2024.04.09"]
[EventType "swiss (blitz)"]
[TimeControl "60"]

1. d4 Nf6 2. c4 e5 3. e3 exd4 4. exd4 d5 5. Nf3 Bb4+ 6. Bd2 Bxd2+ 7. Nbxd2 O-O 8. Be2 dxc4 9. Nxc4 Re8 10. O-O h6 11. Nfe5 Be6 12. Qb3 Na6 13. Qxb7 Qxd4 14. Rad1 Nc5 15. Qxa8 Qf4 16. Qf3 Bg4 17. Qxf4 Bxe2 18. Na3 Nce4 19. f3 Nh7 20. Qxf7+ {[%emt 0:00:03] Sauerbruch resigns (Lag: Av=0.07s, max=0.6s)} 1-0

[Event "Test Tournament"]
[Site "Emanuel Lasker Arena"]
[Date "2024.04.09"]
[Round "2"]
[White "Ceres"]
[Black "Copacablanca"]
[Result "1-0"]
[WhiteElo "1620"]
[BlackElo "1922"]
[Annotator "RC"]
[PlyCount "83"]
[EventDate "2024.04.09"]
[EventType "swiss (blitz)"]
[TimeControl "60"]

1. d4 d5 2. e3 e6 3. Nf3 Nf6 4. c4 c5 5. Nc3 cxd4 6. exd4 Nc6 7. b3 Bb4 8. Qc2 Ne4 9. Qxe4 Bxc3+ 10. Bd2 Bxd2+ 11. Nxd2 dxe4 12. Nxe4 Qxd4 13. Rd1 b5 14. Rxd4 Nxd4 15. cxb5 O-O 16. Nd2 a6 17. g3 axb5 18. a3 Rxa3 19. f4 e5 20. Be2 exf4 21. gxf4 Ra1+ 22. Bd1 Re8+ 23. Kf2 Bf5 24. Kg3 Re3+ 25. Kf2 Rh3 26. Bf3 Rxh1 27. Bxh1 Rxh2+ 28. Bg2 h5 29. Nf1 Rh4 30. Bf3 Rxf4 31. Nh2 Nxb3 32. Nf1 b4 33. Nh2 h4 34. Kg2 Be4 35. Kf2 Bxf3 36. Nxf3 h3 37. Ke3 Rc4 38. Nh2 Rh4 39. Kf2 Kh7 40. Kf3 Kg6 41. Kg3 Rh5 {[%emt 0:00:01] '} 42. Kf4 {[%emt 0:00:00] (Lag: Av=0.06s, max=0.5s)} 1-0

[Event "Test Tournament"]
[Site "Emanuel Lasker Arena"]
[Date "2024.04.09"]
[Round "2"]
[White "Covfefe"]
[Black "RCFlyer"]
[Result "0-1"]
[WhiteElo "1620"]
[BlackElo "1977"]
[Annotator "RC"]
[PlyCount "62"]
[EventDate "2024.04.09"]
[EventType "swiss (blitz)"]
[TimeControl "60"]

1. d4 Nf6 2. c4 g6 3. Nc3 Bg7 4. e4 d6 5. Nf3 O-O 6. Bd3 Bg4 7. Bg5 e5 8. dxe5 dxe5 9. Nd5 c6 10. Bxf6 Bxf6 11. Nxf6+ Qxf6 12. b4 h5 13. b5 Rd8 14. bxc6 Nxc6 15. c5 Bxf3 16. gxf3 Nb4 17. c6 Nxd3+ 18. Kf1 bxc6 19. Qd2 Qxf3 20. Rg1 Nf4 21. Qc2 Rd4 22. Rg3 Qh1+ 23. Rg1 Qxh2 24. Qxc6 Rad8 25. Qc2 Qh3+ 26. Ke1 Nd3+ 27. Ke2 Rxe4+ 28. Kd2 Ne1+ 29. Kc1 Nxc2 30. Kxc2 Rc8+ 31. Kd2 Qd7# {[%emt 0:00:01] (Lag: Av=0.05s, max=0.1s)} 0-1

[Event "Test Tournament"]
[Site "Emanuel Lasker Arena"]
[Date "2024.04.09"]
[Round "2"]
[White "Don Rodrigo"]
[Black "Jamie Fraser"]
[Result "1/2-1/2"]
[WhiteElo "1620"]
[BlackElo "2119"]
[Annotator "RC"]
[PlyCount "46"]
[EventDate "2024.04.09"]
[EventType "swiss (blitz)"]
[TimeControl "60"]

1. e4 e5 2. Nf3 Nc6 3. Bb5 a6 4. Ba4 Nf6 5. O-O Be7 6. Re1 b5 7. Bb3 O-O 8. d4 d6 9. a4 Bg4 10. d5 Nd4 11. Kh1 Bxf3 12. gxf3 Qd7 13. Bg5 Qh3 14. Nd2 h6 15. c3 Nxb3 16. Bxf6 Nxd2 17. Bxe7 Nxf3 18. Qxf3 Qxf3+ 19. Kg1 Qg4+ 20. Kh1 Qf3+ 21. Kg1 Qg4+ 22. Kf1 Qh3+ 23. Kg1 Qg4+ {[%emt 0:00:01] (Lag: Av=0.07s, max=0.6s)} 1/2-1/2

[Event "Test Tournament"]
[Site "Emanuel Lasker Arena"]
[Date "2024.04.09"]
[Round "2"]
[White "Encheladus"]
[Black "LiliBeth"]
[Result "0-1"]
[WhiteElo "1620"]
[BlackElo "1855"]
[Annotator "NA RC"]
[PlyCount "42"]
[EventDate "2024.04.09"]
[EventType "swiss (blitz)"]
[TimeControl "60"]

1. e4 Nf6 2. e5 Nd5 3. d4 d6 4. Nf3 dxe5 5. Nxe5 c6 6. Be2 Bf5 7. O-O Nd7 8. Nf3 e6 9. c4 c5 10. cxd5 exd5 11. dxc5 Bxc5 12. Qxd5 Qe7 13. Nc3 Bg4 14. Qxb7 O-O 15. Bf4 Qf6 16. Nd5 Qe6 17. Rae1 Qe4 18. Ne5 Bxe2 19. Nxd7 Qc2 20. Rc1 Bxf1 21. Kxf1 Qxf2# {[%emt 0:00:02] (Lag: Av=0.05s, max=0.1s)} 0-1

[Event "Test Tournament"]
[Site "Emanuel Lasker Arena"]
[Date "2024.04.09"]
[Round "2"]
[White "Fuerteventura"]
[Black "Zimtowitch"]
[Result "0-1"]
[WhiteElo "1620"]
[BlackElo "1896"]
[Annotator "NA RC"]
[PlyCount "92"]
[EventDate "2024.04.09"]
[EventType "swiss (blitz)"]
[TimeControl "60"]

1. e4 c5 2. Nf3 d6 3. d4 cxd4 4. Nxd4 Nf6 5. Nc3 g6 6. Be3 Bg7 7. f3 O-O 8. Qd2 Nc6 9. O-O-O d5 10. Qe1 e5 11. Bg5 Nxd4 12. Qh4 dxe4 13. Nxe4 Kh8 14. Bxf6 Bxf6 15. Nxf6 Kg7 16. c3 Qxf6 17. Qxf6+ Kxf6 18. cxd4 exd4 19. Rxd4 Re8 20. Bb5 Re3 21. Rd8 h5 22. h4 Rb8 23. Be8 Re7 24. f4 Rc7+ 25. Kd2 Ke7 26. Rxc8 Rbxc8 27. Re1+ Kf6 28. Bb5 Rc1 29. Rxc1 Rxc1 30. Kxc1 Kf5 31. g4+ hxg4 32. Kd2 Kxf4 33. Ke2 f5 34. Kf2 g3+ 35. Kg2 Kg4 36. Be2+ Kxh4 37. Bf3 b5 38. Bc6 a6 39. Bf3 f4 40. Bc6 b4 41. Bf3 g5 42. Bc6 g4 43. Bb7 f3+ 44. Kf1 g2+ 45. Kg1 Kg3 46. Be4 f2# {[%emt 0:00:00] (Lag: Av=0.06s, max=0.5s)} 0-1

[Event "Test Tournament"]
[Site "Emanuel Lasker Arena"]
[Date "2024.04.09"]
[Round "2"]
[White "Fuerteventura"]
[Black "MikhailBerg"]
[Result "0-1"]
[WhiteElo "1620"]
[BlackElo "2094"]
[Annotator "RC"]
[PlyCount "50"]
[EventDate "2024.04.09"]
[EventType "swiss (blitz)"]
[TimeControl "60"]

1. e4 e5 2. Nf3 Nc6 3. Bb5 a6 4. Ba4 Nf6 5. O-O Nxe4 6. d4 b5 7. Bb3 d5 8. dxe5 Be6 9. Nbd2 Nc5 10. c3 d4 11. cxd4 Nxd4 12. Nxd4 Qxd4 13. Bxe6 Nxe6 14. Qf3 Rd8 15. Qc6+ Rd7 16. Qxa6 Qxe5 17. Nf3 Qd5 18. Re1 Bc5 19. Ne5 Qd1 20. Bg5 Bxf2+ 21. Kxf2 Rd2+ 22. Bxd2 Qxd2+ 23. Re2 Qf4+ 24. Kg1 O-O 25. Qxb5 Nd4 {[%emt 0:00:02] Time (Lag: Av=0.09s, max=0.9s) .} 0-1

[Event "Test Tournament"]
[Site "Emanuel Lasker Arena"]
[Date "2024.04.09"]
[Round "2"]
[White "Karpovs Shadow"]
[Black "Endspielexperte"]
[Result "0-1"]
[WhiteElo "1620"]
[BlackElo "1620"]
[Annotator "NA RC"]
[PlyCount "92"]
[EventDate "2024.04.09"]
[EventType "swiss (blitz)"]
[TimeControl "60"]

1. Nf3 d5 2. g3 g6 3. Bg2 Bg7 4. d4 Nf6 5. O-O O-O 6. c4 c6 7. Qb3 dxc4 8. Qxc4 Be6 9. Qc2 Bf5 10. Qb3 Qb6 11. Nc3 Qxb3 12. axb3 Nbd7 13. Re1 Bc2 14. e4 a5 15. e5 Nd5 16. Bd2 e6 17. Nxd5 cxd5 18. Rxa5 Rxa5 19. Bxa5 Bxb3 20. Ng5 Rc8 21. f4 Rc2 22. Rb1 Ba2 23. Ra1 Rxb2 24. Bc7 b5 25. Bd6 b4 26. Bf1 b3 27. Bb5 Rc2 28. Bxd7 b2 29. Rf1 Rc1 30. Nxe6 Rxf1+ 31. Kxf1 b1=Q+ 32. Kg2 Qc2+ 33. Kh3 Bh8 34. Nc7 Bg7 35. f5 gxf5 36. Ne8 Bf8 37. Nf6+ Kh8 38. Bxf8 Bc4 39. Bc6 f4 40. Nxd5 Bxd5 41. Bxd5 fxg3 42. Kxg3 Qd3+ 43. Bf3 Qxd4 44. Bc5 Qxe5+ 45. Kg2 Qxc5 46. Be4 {[%emt 0:00:00] .} Qd6 0-1

[Event "Test Tournament"]
[Site "Emanuel Lasker Arena"]
[Date "2024.04.09"]
[Round "2"]
[White "Karpovs Shadow"]
[Black "Lord Grantham"]
[Result "1-0"]
[WhiteElo "1620"]
[BlackElo "1620"]
[Annotator "NA RC"]
[PlyCount "101"]
[EventDate "2024.04.09"]
[EventType "swiss (blitz)"]
[TimeControl "60"]

1. c4 e5 2. g3 Nc6 3. Bg2 g6 4. Nc3 Bg7 5. Rb1 a5 6. d3 d6 7. a3 Nf6 8. Nf3 O-O 9. b4 d5 10. b5 e4 11. dxe4 Nxe4 12. Nxe4 dxe4 13. bxc6 Qxd1+ 14. Kxd1 exf3 15. cxb7 Bxb7 16. Bxf3 Bxf3 17. exf3 a4 18. Rb7 c5 19. Bf4 Bd4 20. Ke2 h5 21. Rd1 Rfe8+ 22. Kf1 Ra5 23. h4 Re6 24. Rd3 Kg7 25. Bg5 Ra8 26. Be3 Rd8 27. Ra7 Red6 28. Bg5 Rg8 29. Bf4 Rf6 30. Kg2 Re8 31. Rxa4 Re1 32. Ra7 Rb6 33. a4 Rb2 34. Rd2 Bc3 35. Rdd7 Bd4 36. Rxf7+ Kg8 37. Kh3 Rxf2 38. g4 Rxf3+ 39. Bg3 Rxf7 40. Bxe1 Rxa7 41. gxh5 gxh5 42. a5 Ra6 43. Kg2 Kf7 44. Kf3 Ke7 45. Kf4 Kd8 46. Kg5 Re6 47. Kxh5 Rxe1 48. a6 Ra1 49. Kh6 Rxa6+ 50. Kh7 Ke8 {[%emt 0:00:00] '} 51. h5 {[%emt 0:00:00] (Lag: Av=0.07s, max=0.6s)} 1-0

[Event "Test Tournament"]
[Site "Emanuel Lasker Arena"]
[Date "2024.04.09"]
[Round "2"]
[White "Klaus Junge"]
[Black "Local Hero"]
[Result "1-0"]
[WhiteElo "1620"]
[BlackElo "1985"]
[Annotator "RC"]
[PlyCount "35"]
[EventDate "2024.04.09"]
[EventType "swiss (blitz)"]
[TimeControl "60"]

1. e4 Nf6 2. e5 Nd5 3. d4 d6 4. c4 Nb6 5. f4 dxe5 6. fxe5 Bf5 7. Nc3 Nc6 8. g4 a5 9. gxf5 Nxd4 10. c5 Qd7 11. cxb6 O-O-O 12. Nb5 c5 13. Nf3 Qxf5 14. Nbxd4 cxd4 15. Bd3 Qe6 16. Qc2+ Qc6 17. Qxc6+ bxc6 18. Ba6+ {[%emt 0:00:03] Local Hero resigns (Lag: Av=0.09s, max=0.5s)} 1-0

[Event "Test Tournament"]
[Site "Emanuel Lasker Arena"]
[Date "2024.04.09"]
[Round "2"]
[White "Klaus Junge"]
[Black "Chartwell"]
[Result "1-0"]
[WhiteElo "1620"]
[BlackElo "2149"]
[Annotator "RC"]
[PlyCount "87"]
[EventDate "2024.04.09"]
[EventType "swiss (blitz)"]
[TimeControl "60"]

1. e4 e5 2. Nf3 Nc6 3. Bb5 a6 4. Ba4 Nf6 5. O-O Be7 6. Re1 b5 7. Bb3 O-O 8. c3 d6 9. h3 Na5 10. Bc2 c5 11. d4 Qc7 12. d5 Bd7 13. b3 Nb7 14. c4 Bd8 15. Nbd2 Na5 16. Qe2 Re8 17. Nf1 b4 18. Ng5 g6 19. Qf3 Be7 20. g4 Rf8 21. a4 h6 22. Ne6 fxe6 23. Bxh6 Nxd5 24. Qg3 Nf4 25. h4 Kh7 26. g5 Rf7 27. h5 Rh8 28. Qh4 Bc6 29. hxg6+ Kxg6 30. Ne3 Nxb3 31. Bxb3 Bxe4 32. Ng4 Qc6 33. a5 Bd3 34. Qg3 Rf5 35. Nf6 Bxf6 36. gxf6+ Kxh6 37. Qg7+ Kh5 38. Bd1+ Be2 39. Rxe2 Nxe2+ 40. Bxe2+ Rf3 41. Qxh8+ Kg5 42. Qg7+ Kh4 43. Ra3 Rxa3 44. Qg4# {[%emt 0:00:00] (Lag: Av=0.08s, max=0.7s)} 1-0